 Dungeon Crawl Stone Soup version 0.20-a0-1025-g4706f7e (console) character file.

65 nht the Ruffian (level 3, -3/28 HPs)
             Began as a Draconian Transmuter on Apr 19, 2017.
             Slain by a gnoll
             ... wielding a +0 halberd
              (10 damage)
             ... on level 2 of the Dungeon.
             The game lasted 00:01:21 (1187 turns).

nht the Ruffian (Draconian Transmuter)              Turns: 1187, Time: 00:01:22

Health: -3/28      AC:  5    Str: 17    XL:     3   Next: 92%
Magic:  5/6        EV: 12    Int: 14    God:
Gold:   65         SH:  0    Dex: 11    Spells: 5/6 levels left

rFire    . . .     SeeInvis .     - Unarmed
rCold    . . .     Gourm    .   (no shield)
rNeg     . . .     Faith    .   (armour unavailable)
rPois    .         Spirit   .   (helmet restricted)
rElec    .         Reflect  .   (no cloak)
rCorr    .         Harm     .   (no gloves)
MR       .....                  (boots currently unavailable)
Stlth    +.........             (no amulet)
Regen    0.1/turn               (no ring)
MPRegen  0.1/turn               (no ring)

@: mighty, appendage
A: unfitting armour, talons 3, cold-blooded, AC +5
a: End Transformation


You were on level 2 of the Dungeon.
You were not hungry.
You had grown temporary talons.
You visited 1 branch of the dungeon, and saw 2 of its levels.

You collected 65 gold pieces.

Inventory:

Missiles
 a - 24 arrows
Scrolls
 d - 8 scrolls of teleportation {unknown}
 e - a scroll of fear {unknown}
 h - 2 scrolls of remove curse {unknown}
 j - a scroll of identify {unknown}
 k - 2 scrolls of fog {unknown}
Books
 b - a book of Changes

   Spells                             Type                      Level
   a - Beastly Appendage              Transmutation                1
   b - Sticks to Snakes               Transmutation                2
   c - Spider Form                    Transmutation/Poison         3
   d - Ice Form                       Ice/Transmutation            4
   e - Blade Hands                    Transmutation                5
Comestibles
 c - a bread ration
 g - 3 fruits
 i - 2 chunks of flesh


   Skills:
 - Level 1.1 Fighting
 - Level 1.7 Dodging
 * Level 4.3 Unarmed Combat
 - Level 2.0 Spellcasting
 + Level 2.8 Transmutations


You had 5 spell levels left.
You knew the following spells:

 Your Spells              Type           Power        Failure   Level  Hunger
a - Beastly Appendage     Tmut           #.....       8%          1    ##.....


Dungeon Overview and Level Annotations

Branches:
Dungeon (2/15)

Altars:


Innate Abilities, Weirdness & Mutations

Your plain brown scales are hard. (AC +5)
You cannot fit into any form of body armour.
You are cold-blooded and may be slowed by cold attacks.
You have claws for feet.


Message History

You closely miss the gnoll. You tail-slap the gnoll.
You kill the gnoll!
The gnoll closely misses you.
Unknown command.
The gnoll hits you with a spear! The gnoll closely misses you.
Things that are here:
a halberd; a whip; a gnoll corpse Unknown command.
You barely miss the gnoll. You tail-slap the gnoll!
The gnoll is severely wounded.
The gnoll closely misses you.
The gnoll hits you from afar with a halberd.
* * * LOW HITPOINT WARNING * * *
You punch the gnoll!
You kill the gnoll!
Unknown command.
The gnoll misses you.
You see here a spear.
You closely miss the gnoll. The gnoll hits you with a halberd!
You die...

.<..........
█.>..█.█.██
█...█...███
█......██ █ █
█..█████ █
█.█████..█
█........█
███████.█(..█
█.g@)...█.███
█>███████.█ █
█.█ █.█ ...
█.. ... █..█


You could see a gnoll.

Vanquished Creatures
  3 gnolls (D:2)
  An adder (D:2)
  A dart slug (D:1)
  A leopard gecko (D:1)
  3 bats
  2 giant cockroaches (D:1)
  A goblin (D:1)
  6 hobgoblins
  2 kobolds (D:1)
  A quokka (D:2)
  2 rats (D:1)
23 creatures vanquished.

Notes
Turn   | Place    | Note
-------+----------+-------------------------------------------
     0 | D:1      | nht the Draconian Transmuter began the quest for the Orb.
     0 | D:1      | Reached XP level 1. HP: 16/16 MP: 3/3
   169 | D:1      | Reached XP level 2. HP: 10/23 MP: 3/5
  1005 | D:2      | Reached XP level 3. HP: 22/28 MP: 4/6
  1178 | D:2      | Reached skill level 4 in Unarmed Combat
  1187 | D:2      | Slain by a gnoll

Vault maps used:
D:1:      mrwooster_arrival_statue_2, minmay_gold_behind_fungi
D:2:      first_bread

Skill      XL: |  1  2  3 |
---------------+----------+-----
Unarmed Combat | 4 |  4.3
Fighting       | |  1.1
Dodging        | |  1.7
Spellcasting   | |  2.0
Transmutations | |  2.8

Action                   || total
-------------------------++-------
Melee: Unarmed           ||   102
       Headbutt          ||     7
       Tailslap          ||     9
       Kick              ||     3
       Punch             ||     1
 Cast: Beastly Appendage ||    11
  Use: Potion            ||     3
 Stab: Sleeping          ||     1
  Eat: Chunk             ||     1
Armor: Skin              ||    29
Dodge: Dodged            ||    75
